 Dungeon Crawl Stone Soup version 0.32-a0-872-g59262bdc9b (webtiles) character file.

Game seed: 4335032878769225985

158 pokeman the Magician (level 5, -6/29 HPs)
             Began as a Deep Elf Hedge Wizard on Mar 30, 2024.
             Mangled by a river rat (8 damage)
             ... in a sewer.
             The game lasted 00:05:26 (3562 turns).

pokeman the Magician (Deep Elf Hedge Wizard)        Turns: 3562, Time: 00:05:26

Health: -6/29      AC:  6    Str:  7    XL:     5   Next: 16%
Magic:  0/15       EV: 12    Int: 21    God:
Gold:   165        SH:  0    Dex: 14    Spells: 8/16 levels left

rFire   . . .        a - +0 dagger
rCold   . . .        (no shield)
rNeg    . . .        b - +0 robe
rPois   +            y - +0 helmet
rElec   .            w - +1 cloak
rCorr   .            g - +0 pair of gloves
SInv    .            (no boots)
Will    .....        (no amulet)
Stlth   ++           p - ring of poison resistance
HPRegen 0.24/turn    r - ring of flight
MPRegen 0.14/turn

%: no passive effects
@: flying
A: no striking features
a: no special abilities


You were in a sewer.
You visited 1 branch of the dungeon, and saw 4 of its levels.
You also visited: Sewer.

You collected 165 gold pieces.

Inventory:

Hand Weapons
 a - a +0 dagger (weapon)
Armour
 b - a +0 robe (worn)
 g - a +0 pair of gloves (worn)
 j - an orb of energy
 w - a +1 cloak (worn)
 y - a +0 helmet (worn)
Magical Staves
 o - a staff of cold
Jewellery
 p - a ring of poison resistance (left hand)
 r - a ring of flight (right hand)
 v - an amulet of faith
Scrolls
 e - a scroll of enchant armour {unknown}
 f - a scroll of noise {unknown}
 k - a scroll of fear {unknown}
 q - 3 scrolls of teleportation {unknown}
 t - a scroll of identify {unknown}
Potions
 d - a potion of magic
 h - a potion of curing {unknown}
 i - a potion of degeneration {unknown}
 l - a potion of brilliance {unknown}
 m - 2 potions of attraction {unknown}
 n - 2 potions of resistance {unknown}
 s - a potion of lignification {unknown}
 u - a potion of might {unknown}
 x - a potion of heal wounds {unknown}


   Skills:
 - Level 1.0 Fighting
 - Level 1.0 Armour
 - Level 3.0 Dodging
 - Level 3.0 Stealth
 * Level 6.0 Spellcasting
 + Level 2.5 Conjurations
 - Level 1.1 Summonings
 - Level 1.1 Translocations
 + Level 0.1 Ice Magic
 + Level 0.4 Air Magic
 + Level 0.1 Alchemy
 + Level 0.1 Evocations


You had 8 spell levels left.
You knew the following spells:

 Your Spells              Type           Power      Damage    Failure   Level
a - Magic Dart            Conj           68%        1d6       3%          1
b - Mephitic Cloud        Conj/Alch/Air  10%        N/A       19%         3
c - Call Imp              Summ           22%        N/A       10%         2
d - Blink                 Tloc           22%        N/A       10%         2

Your spell library contained the following spells:

 Spells                   Type           Power      Damage    Failure   Level
 Slow                     Hex            24%        N/A       10%         1
 Cigotuvi's Dreadful Rot  Necr/Alch/Air  14%        N/A       14%         2


Dungeon Overview and Level Annotations

Branches:
Dungeon (4/15)              Sewer (1/1)
 Temple: D:4-7

Altars:
Trog


Message History

Unknown command.
Your cerulean imp barely misses the river rat.
The river rat bites your cerulean imp.
Unknown command.
Your cerulean imp hits the river rat but does no damage.
The river rat bites your cerulean imp!
Your cerulean imp hits the river rat with a -3 spear.
The river rat closely misses your cerulean imp.
Your cerulean imp hits the river rat but does no damage.
The river rat bites your cerulean imp.
Your cerulean imp dies!
Your cerulean imp disappears in a puff of smoke!
The river rat squeaks loudly.
You barely miss the river rat.
The river rat is severely wounded.
The river rat barely misses you.
You hit the river rat but do no damage.
The river rat is severely wounded.
The river rat bites you.
* * * LOW HITPOINT WARNING * * *
Casting: Call Imp (safe; 10% risk of failure)
Confirm with . or Enter, or press ? or * to list all spells.
Aiming: Magic Dart (safe; 3% risk of failure)
Press: ? - help, Shift-Dir - straight line, f/p - river rat
Aim: a river rat (severely wounded, 100% to hit)
The magic dart hits the river rat.
The river rat is severely wounded.
The river rat closely misses you.
Unknown command.
You closely miss the river rat.
The river rat is severely wounded.
The river rat misses you.
You completely miss the river rat.
The river rat is severely wounded.
The river rat bites you.
* * * LOW HITPOINT WARNING * * *
You hit the river rat.
The river rat is almost dead.
The river rat bites you!
You die...

~### .~~# .~~##
#.~.# ~ #..~# .~
##.~~# ~~~#
###..~#
.~.~~#####~r.~~#
#~~r.~∩~~.~@###
##~~~∩.~~###
#########


You could see a river rat.

Vanquished Creatures
  A hound (D:3)
  2 adders (D:3)
  2 river rats (Sewer)
  3 dart slugs
  2 ribbon worms
  3 orcs (D:3)
  8 ball pythons
  4 endoplasms
  4 giant cockroaches
  11 goblins
  7 hobgoblins
  2 jackals (D:1)
  4 quokkas
  3 bats (D:1)
  2 frilled lizards
  7 kobolds
  12 rats
77 creatures vanquished.

Notes
Turn   | Place    | Note
-------+----------+-------------------------------------------
     0 | D:1      | pokeman the Deep Elf Hedge Wizard began the quest for the
                  | Orb.
     0 | D:1      | Reached XP level 1. HP: 10/10 MP: 7/7
   134 | D:1      | Reached XP level 2. HP: 15/15 MP: 6/9
   539 | D:1      | Reached skill level 5 in Spellcasting
   753 | D:1      | Reached XP level 3. HP: 16/20 MP: 0/11
   757 | D:1      | Learned a level 3 spell: Mephitic Cloud
   760 | D:1      | Learned a level 2 spell: Call Imp
   763 | D:1      | Learned a level 2 spell: Blink
   867 | D:1      | Found a faded altar of an unknown god.
  1296 | D:2      | Reached skill level 1 in Armour
  1415 | D:2      | Reached skill level 1 in Fighting
  2215 | D:3      | Reached XP level 4. HP: 25/25 MP: 8/13
  3356 | D:4      | Found a bloodstained altar of Trog.
  3386 | D:4      | Found a glowing drain.
  3453 | Sewer    | Entered a sewer
  3455 | Sewer    | Reached XP level 5. HP: 29/29 MP: 13/15
  3479 | Sewer    | Reached skill level 6 in Spellcasting
  3562 | Sewer    | Mangled by a river rat

Illustrated notes

Levels and vault maps discovered:
D:1:      dpeg_arrival_pond, layout_basic, ebering_ecumenical_altar_abandoned,
          chequers_big_river, minmay_misc_feat_tower
D:2:      layout_rooms
D:3:      layout_basic, minmay_misc_feat_secret_circle,
          small_statue_intersection
D:4:      layout_basic, trog_three_pillars_becter, cheibrodos_sewer_entry_bend,
          kennysheep_generic_room_5
Sewer:    sewer_hellmonk_bad_rat

Skill      XL: |  1  2  3  4  5 |
---------------+----------------+-----
Spellcasting   | 5 6 |  6.0
Armour         | 1 |  1.0
Fighting       | 1 |  1.0
Conjurations   | 2 |  2.5
Dodging        | 3 |  3.0
Stealth        | 3 |  3.0
Summonings     | |  1.1
Translocations | |  1.1
Ice Magic      | |  0.1
Air Magic      | |  0.4
Alchemy        | |  0.1
Evocations     | |  0.1

Action                     |  1- 3 |  4- 6 || total
---------------------------+-------+-------++-------
  Melee: Dagger            |    21 |    21 ||    42
   Cast: Magic Dart        |   134 |    78 ||   212
         Call Imp          |       |     2 ||     2
 Armour: Robe              |    14 |    23 ||    37
  Dodge: Dodged            |    19 |    19 ||    38

Table legend: (Time is in decaauts)
 A = Elapsed time spent in this place.
 B = Non-inter-level travel time spent in this place.
 C = Inter-level travel time spent in this place.
 D = Time resting spent in this place.
 E = Time spent auto-exploring this place.
 F = Levels seen in this place.
 G = Mean time per level.
                   A        B        C        D        E       F      G
               +--------+--------+--------+--------+--------+-----+--------+
         Total |   3574 |   3519 |     55 |     54 |   2943 |   5 |  714.8 |
       Dungeon |   3465 |   3410 |     55 |     51 |   2898 |   4 |  866.2 |
         Sewer |    108 |    108 |      0 |      3 |     45 |   1 |  108.0 |
               +--------+--------+--------+--------+--------+-----+--------+

Top non-repeatable levels by time:
     D:1: 1216 daAuts
     D:3: 1211 daAuts
     D:2: 928 daAuts
   Sewer: 108 daAuts
     D:4: 108 daAuts
